AoeStats
← LeonTK

Socotra

504471914Analyzed
4v4 RM · 27d ago on Sep 5, 2026· 51m 50s· 8 players
Game mode
Random Map
Map size
148×148
Population
200
Speed
Normal
Resources
Standard
Victory
Conquest
Starting age
Dark Age
Ending age
Imperial Age
RankedLock teamsTeams togetherTeam positionsShared explorationLock speedFull tech treeHidden civsTurbo modeCheats
Victory
Defeat
🇦🇹 Bulgarians · Austria
1335
+14
🇨🇳 Magyars · China
1313
+15
🇷🇴 Japanese · Romania
1299
+15
🇺🇸 Georgians · United States
1258
+17
🇹🇼 Britons · Taiwan
1422
-21
🇹🇼 Ethiopians · Taiwan
1411
-20
🇹🇼 Saracens · Taiwan
1212
-12
🇹🇼 Malay · Taiwan
1104
-8
Senshi
0:57 Loom
11:52 Feudal Age
12:33 Horse Collar
16:03 Bloodlines
17:33 Double-Bit Axe
25:20 Castle Age
23:57 Wheelbarrow
23:48 Scale Barding Armor
25:32 Stone Mining
31:25 Svan Towers
35:16 Bow Saw
37:39 Imperial Age
38:45 Guard Tower
40:24 Fletching
41:16 Bodkin Arrow
42:40 Bracer
43:28 Gold Mining
43:58 Padded Archer Armor
44:23 Chain Barding Armor
48:47 Padded Archer Armor
50:28 Ballistics
50:36 Light Cavalry
HexenSlayer
7:39 Loom
9:46 Feudal Age
10:07 Man-at-Arms
15:26 Arson
16:28 Fletching
18:03 Town Watch
20:30 Horse Collar
20:37 Double-Bit Axe
23:49 Castle Age
23:57 Scale Mail Armor
25:35 Squires
26:01 Chain Mail Armor
25:57 Forging
25:53 Gold Mining
26:15 Bow Saw
32:56 Wheelbarrow
32:57 Heavy Plow
34:27 Iron Casting
35:13 Husbandry
35:25 Bloodlines
35:55 Ballistics
35:43 Bodkin Arrow
36:23 Padded Archer Armor
38:37 Leather Archer Armor
38:40 Husbandry
39:57 Thumb Ring
42:43 Hand Cart
45:51 Imperial Age
46:39 Bracer
46:23 Heavy Cavalry Archer
49:37 Parthian Tactics
51:14 Hoardings
LeonTK
8:41 Loom
11:21 Feudal Age
12:18 Double-Bit Axe
15:43 Fletching
16:41 Padded Archer Armor
17:51 Horse Collar
22:04 Castle Age
21:33 Scale Barding Armor
21:38 Forging
22:27 Bloodlines
24:37 Chain Barding Armor
27:55 Iron Casting
31:14 Bodkin Arrow
32:15 Light Cavalry
33:57 Husbandry
36:09 Gold Mining
36:10 Stone Mining
38:02 Wheelbarrow
41:22 Gold Shaft Mining
45:42 Imperial Age
45:34 Hand Cart
45:35 Bow Saw
45:29 Heavy Plow
46:06 Stone Shaft Mining
47:08 Plate Barding Armor
45:58 Cavalier
46:51 Hussar
52:42 Blast Furnace
徽sir
7:55 Loom
10:35 Feudal Age
16:22 Fletching
17:42 Padded Archer Armor
18:08 Double-Bit Axe
28:25 Castle Age
28:00 Wheelbarrow
27:13 Town Watch
27:57 Gold Mining
27:53 Horse Collar
29:04 Bodkin Arrow
28:49 Elite Skirmisher
31:34 Bloodlines
32:55 Leather Archer Armor
32:07 Light Cavalry
37:16 Thumb Ring
37:47 Hand Cart
43:59 Husbandry
pilipuma
8:46 Loom
10:57 Feudal Age
12:16 Wheelbarrow
24:49 Double-Bit Axe
30:40 Castle Age
35:42 Bow Saw
42:16 Horse Collar
45:16 Wheelbarrow
ziachris
9:48 Feudal Age
8:46 Loom
10:01 Man-at-Arms
16:50 Horse Collar
18:01 Double-Bit Axe
20:15 Scale Mail Armor
22:04 Gold Mining
22:04 Stone Mining
24:52 Wheelbarrow
26:19 Forging
27:35 Fletching
31:43 Castle Age
31:56 Pikeman
31:56 Long Swordsman
32:22 Gambesons
32:37 Squires
32:23 Arson
33:54 Chain Mail Armor
33:57 Bow Saw
34:44 Bloodlines
34:34 Husbandry
34:17 Long Swordsman
34:43 Gambesons
36:49 Scale Barding Armor
37:20 Iron Casting
36:59 Town Watch
39:12 Hand Cart
40:36 Chain Barding Armor
42:58 Bodkin Arrow
48:36 Light Cavalry
Connor
7:38 Loom
9:58 Feudal Age
10:48 Double-Bit Axe
11:40 Horse Collar
16:07 Fletching
16:56 Padded Archer Armor
17:06 Gold Mining
20:46 Wheelbarrow
24:43 Castle Age
25:24 Bodkin Arrow
24:50 Crossbowman
26:34 Bow Saw
28:30 Ballistics
28:27 Heavy Plow
29:32 Thumb Ring
32:25 Masonry
42:37 Imperial Age
40:23 Hand Cart
39:53 Town Watch
44:41 Bracer
45:43 Chemistry
44:06 Arbalester
45:39 Siege Engineers
46:06 Architecture
46:27 Conscription
46:25 Leather Archer Armor
47:15 Two-Man Saw
0xNick
6:35 Loom
8:44 Feudal Age
9:43 Double-Bit Axe
13:00 Fletching
15:33 Padded Archer Armor
26:08 Castle Age
24:48 Gold Mining
26:19 Horse Collar
27:15 Wheelbarrow
26:11 Crossbowman
26:55 Bodkin Arrow
27:57 Bow Saw
29:44 Ballistics
30:07 Wheelbarrow
40:02 Leather Archer Armor
54:33 Imperial Age
Connection lost

Rejoining the realm…

Still unreachable

The connection could not be restored.

Session expired

The server has moved on; the page needs a fresh start.